 Dungeon Crawl Stone Soup version 0.30-a0-603-g51a0fb1b98 (webtiles) character file.

Game seed: 3953620611672228294

56 HoaS the Shooter (level 3, -3/21 HPs)
             Began as a Gargoyle Hunter on Jan 7, 2023.
             Slain by Terence
             ... wielding a +0 hand axe
              (4 damage)
             ... on level 2 of the Dungeon.
             The game lasted 00:02:10 (699 turns).

HoaS the Shooter (Gargoyle Hunter)                   Turns: 699, Time: 00:02:11

Health: -3/21      AC:  6    Str: 14    XL:     3   Next: 97%
Magic:  3/3        EV: 11    Int:  9    God:
Gold:   78         SH:  0    Dex: 15    Spells: 2/2 levels left

rFire   . . .      SeeInvis .    a - +0 shortbow
rCold   . . .      Faith    .    (shield currently unavailable)
rNeg    + . .      Spirit   .    c - +0 leather armour
rPois   ∞          Reflect  .    (no helmet)
rElec   +          Harm     .    (no cloak)
rCorr   .          Rampage  .    (no gloves)
Will    .....                    (no boots)
Stlth   ++                       (no amulet)
HPRegen 0.23/turn                (no ring)
MPRegen 0.08/turn                (no ring)

@: no status effects
A: sickness immunity, AC +3, negative energy resistance 1, electricity
resistance, torment resistance 1, petrification resistance
a: no special abilities


You were on level 2 of the Dungeon.
You visited 1 branch of the dungeon, and saw 2 of its levels.

You collected 78 gold pieces.

Inventory:

Hand Weapons
 a - a +0 shortbow (weapon)
Armour
 c - a +0 leather armour (worn)
Scrolls
 b - a scroll of immolation
 d - a scroll of enchant weapon {unknown}
 e - a scroll of brand weapon {unknown}
 g - a scroll of vulnerability {unknown}
 h - 2 scrolls of teleportation {unknown}
 j - a scroll of fear {unknown}
 l - a scroll of fog {unknown}
 m - a scroll of identify {unknown}
Potions
 f - 2 potions of haste {unknown}
 i - a potion of mutation {unknown}
 k - a potion of degeneration {unknown}


   Skills:
 - Level 2.1 Fighting
 + Level 5.4 Ranged Weapons
 - Level 1.5 Dodging
 - Level 1.1 Stealth


You had 2 spell levels left.
You didn't know any spells.
Your spell library was empty.

Dungeon Overview and Level Annotations

Branches:
Dungeon (2/15)

Altars:

Annotations:
D:2 Terence


Innate Abilities, Weirdness & Mutations

You are immune to sickness and miasma.
Your stone body is resilient. (AC +3)
You are immune to poison.
You resist negative energy. (rN+)
You are resistant to electric shocks. (rElec)
You are resistant to unholy torment.
You are immune to petrification.


Message History

A giant cockroach comes into view.
You shoot an arrow. The arrow hits Terence!
Terence is severely wounded.
You shoot an arrow.
The arrow hits Terence but does no damage.
Terence is severely wounded.
The giant cockroach misses you. The giant cockroach bites you.
You shoot an arrow. The arrow hits Terence.
Terence is almost dead.
Terence hits you with a +0 hand axe!
The giant cockroach bites you but does no damage.
You shoot an arrow.
The arrow hits Terence but does no damage.
Terence is almost dead.
The giant cockroach bites you. Terence hits you with a +0 hand axe.
The giant cockroach bites you but does no damage.
Terence barely misses you.
You shoot an arrow. The arrow closely misses Terence.
The giant cockroach closely misses you. Terence hits you with a +0 hand axe.
The giant cockroach closely misses you. Terence attacks as you move away!
Terence barely misses you.
The giant cockroach attacks as you move away!
The giant cockroach closely misses you.
The giant cockroach attacks as you move away!
The giant cockroach bites you but does no damage.
The giant cockroach attacks as you move away!
The giant cockroach bites you.
You are too injured to fight recklessly!
You are too injured to fight recklessly!
You are too injured to fight recklessly!
You are too injured to fight recklessly!
You shoot an arrow. The arrow hits the giant cockroach!
You kill the giant cockroach!
You shoot an arrow.
The arrow hits Terence but does no damage.
Terence is almost dead.
Terence hits you with a +0 hand axe!
* * * LOW HITPOINT WARNING * * *
Terence hits you with a +0 hand axe.
You die...

.......#.###..##.#
..####...# #..#.#
..####..#####..#.# #####
.................####...
..###...######........####
..##..#.####............>.
.†##.##...............###
....)#######....@.......##
..#†..........##@######..###
.................####
##...### ##
....#########.......#
###...##.. ...## ###[......#
##......# ...# #...#####....
#..#..### #.## ##.#.#
.......#.....# #.#
#..#.##### .........$... ###
#......... .......@..... .#
#####...###### ...........$.


You could see Terence.

Vanquished Creatures
  An adder (D:2)
  9 endoplasms
  4 giant cockroaches
  6 goblins
  4 hobgoblins
  A quokka (D:1)
  5 bats
  2 frilled lizards
  2 kobolds (D:1)
  8 rats
42 creatures vanquished.

Notes
Turn   | Place    | Note
-------+----------+-------------------------------------------
     0 | D:1      | HoaS the Gargoyle Hunter began the quest for the Orb.
     0 | D:1      | Reached XP level 1. HP: 12/12 MP: 1/1
    58 | D:1      | Reached XP level 2. HP: 17/17 MP: 2/2
   216 | D:1      | Reached XP level 3. HP: 21/21 MP: 3/3
   323 | D:1      | Reached skill level 5 in Ranged Weapons
   676 | D:2      | Noticed Terence
   699 | D:2      | HP: 1/21 [Terence/+0 hand axe (7)]
   699 | D:2      | Slain by Terence

Illustrated notes

Levels and vault maps discovered:
D:1:      grunt_arrival_lava_bath, layout_rooms, minmay_pentomino_w4
D:2:      layout_rooms, chequers_jeans, uniq_terence

Skill      XL: |  1  2  3 |
---------------+----------+-----
Ranged Weapons | 5 |  5.4
Fighting       | |  2.1
Dodging        | |  1.5
Stealth        | |  1.1

Action                   || total
-------------------------++-------
 Fire: Shortbow          ||   113
Armor: Leather armour    ||    18
Dodge: Dodged            ||    33

Table legend: (Time is in decaauts)
 A = Elapsed time spent in this place.
 B = Non-inter-level travel time spent in this place.
 C = Inter-level travel time spent in this place.
 D = Time resting spent in this place.
 E = Time spent auto-exploring this place.
 F = Levels seen in this place.
 G = Mean time per level.
                   A        B        C        D        E       F      G
               +--------+--------+--------+--------+--------+-----+--------+
         Total |    733 |    667 |     66 |      3 |    427 |   2 |  366.5 |
       Dungeon |    733 |    667 |     66 |      3 |    427 |   2 |  366.5 |
               +--------+--------+--------+--------+--------+-----+--------+

Top non-repeatable levels by time:
     D:1: 551 daAuts
     D:2: 181 daAuts
